Map: Neon Violet Square LE

Players

Infamous

  • Race: Protoss Protoss
  • League: Gold
  • Spawn Location: 5:00

Sarekk - Winner!

  • Race: Protoss Protoss
  • League: Gold
  • Spawn Location: 11:00

VOD

Have the link to the VOD?

Description

Time

  • Played on: April 13, 2018, 8:11 a.m.
  • Length: 4:04
Show
View Real Time Build Order
Export as new Build Order

Infamous Protoss 

Build Orders:  

Get SALT Encoding   

  12  0:01  Probe  
  13  0:16  Pylon  
  13  0:25  Probe (Chrono Boost)  
  14  0:35  Probe (Chrono Boost), Gateway  
  15  0:40  Probe (Chrono Boost)  
  16  0:52  Probe  
  16  0:57  Assimilator  
  17  1:04  Probe  
  18  1:15  Gateway  
  18  1:20  Probe  
  19  1:31  Zealot (Chrono Boost)  
  19  1:36  Probe  
  22  1:44  Cybernetics Core  
  22  1:47  Pylon  
  22  1:49  Assimilator  
  22  2:03  Probe  
  22  2:05  Zealot (Chrono Boost)  
  25  2:11  Pylon  
  27  2:26  Zealot (Chrono Boost)  
  27  2:41  Zealot  
  28  2:53  Zealot  
  26  3:08  Gateway  
  26  3:10  Gateway  
  20  3:34  Pylon  
  20  3:37  Pylon  
  20  3:44  Probe  
Show
View Real Time Build Order
Export as new Build Order

Sarekk Protoss - Winner!

Build Orders:  

Get SALT Encoding   

  12  0:11  Pylon  
  12  0:14  Probe (Chrono Boost)  
  13  0:23  Probe (Chrono Boost)  
  14  0:28  Probe (Chrono Boost)  
  15  0:40  Probe  
  16  0:47  Pylon  
  16  0:53  Probe (Chrono Boost)  
  18  1:05  Probe (Chrono Boost)  
  18  1:11  Probe (Chrono Boost)  
  18  1:18  Gateway  
  19  1:19  Probe, Gateway  
  20  1:28  Gateway  
  20  1:36  Gateway  
  20  1:45  Gateway  
  20  1:54  Probe, Pylon  
  21  2:05  Zealot (Chrono Boost)  
  25  2:12  Zealot (Chrono Boost)  
  25  2:20  Zealot (Chrono Boost)  
  27  2:23  Zealot  
  27  2:24  Zealot  
  31  2:34  Zealot  
  31  2:35  Zealot  
  35  3:01  Zealot x2  
  39  3:13  Zealot  
  39  3:14  Zealot  
  39  3:29  Zealot  
  39  4:02  Pylon  
Tags
 
Add a new tag
Caveats
  • Supply blocks, unpowered buildings, or Contaminate may cause inaccurate times.
  • Supply counts are checked every 10 seconds.